%YAML 1.1
%TAG !u! tag:unity3d.com,2011:
--- !u!1 &3120336257767910839
GameObject:
  m_ObjectHideFlags: 0
  m_CorrespondingSourceObject: {fileID: 0}
  m_PrefabInstance: {fileID: 0}
  m_PrefabAsset: {fileID: 0}
  serializedVersion: 6
  m_Component:
  - component: {fileID: 3120336257767910838}
  m_Layer: 0
  m_Name: Contain
  m_TagString: Untagged
  m_Icon: {fileID: 0}
  m_NavMeshLayer: 0
  m_StaticEditorFlags: 0
  m_IsActive: 1
--- !u!4 &3120336257767910838
Transform:
  m_ObjectHideFlags: 0
  m_CorrespondingSourceObject: {fileID: 0}
  m_PrefabInstance: {fileID: 0}
  m_PrefabAsset: {fileID: 0}
  m_GameObject: {fileID: 3120336257767910839}
  m_LocalRotation: {x: 0, y: 0, z: 0, w: 1}
  m_LocalPosition: {x: 0, y: 0, z: 0}
  m_LocalScale: {x: 1, y: 1, z: 1}
  m_ConstrainProportionsScale: 0
  m_Children:
  - {fileID: 7053587098562887430}
  - {fileID: 8594708091168897619}
  - {fileID: 8594708091368024474}
  - {fileID: 6927048932099771593}
  - {fileID: 6927048930318812670}
  m_Father: {fileID: 3120336257878819432}
  m_RootOrder: 0
  m_LocalEulerAnglesHint: {x: 0, y: 0, z: 0}
--- !u!1 &3120336257878819433
GameObject:
  m_ObjectHideFlags: 0
  m_CorrespondingSourceObject: {fileID: 0}
  m_PrefabInstance: {fileID: 0}
  m_PrefabAsset: {fileID: 0}
  serializedVersion: 6
  m_Component:
  - component: {fileID: 3120336257878819432}
  - component: {fileID: 6060450736924503218}
  m_Layer: 0
  m_Name: FireBall5
  m_TagString: Untagged
  m_Icon: {fileID: 0}
  m_NavMeshLayer: 0
  m_StaticEditorFlags: 0
  m_IsActive: 1
--- !u!4 &3120336257878819432
Transform:
  m_ObjectHideFlags: 0
  m_CorrespondingSourceObject: {fileID: 0}
  m_PrefabInstance: {fileID: 0}
  m_PrefabAsset: {fileID: 0}
  m_GameObject: {fileID: 3120336257878819433}
  m_LocalRotation: {x: 0, y: 0, z: 0, w: 1}
  m_LocalPosition: {x: 0, y: 0.69000006, z: 0}
  m_LocalScale: {x: 0.75, y: 0.75, z: 0.75}
  m_ConstrainProportionsScale: 0
  m_Children:
  - {fileID: 3120336257767910838}
  m_Father: {fileID: 0}
  m_RootOrder: 0
  m_LocalEulerAnglesHint: {x: 0, y: 0, z: 0}
--- !u!114 &6060450736924503218
MonoBehaviour:
  m_ObjectHideFlags: 0
  m_CorrespondingSourceObject: {fileID: 0}
  m_PrefabInstance: {fileID: 0}
  m_PrefabAsset: {fileID: 0}
  m_GameObject: {fileID: 3120336257878819433}
  m_Enabled: 1
  m_EditorHideFlags: 0
  m_Script: {fileID: 11500000, guid: fb5dd0a0a27cc574caacb1bc76a50b68, type: 3}
  m_Name: 
  m_EditorClassIdentifier: 
  containTrans: {fileID: 3120336257767910838}
  speed: 5
  rotateSpeed: 5
--- !u!1001 &3120336256994893846
PrefabInstance:
  m_ObjectHideFlags: 0
  serializedVersion: 2
  m_Modification:
    m_TransformParent: {fileID: 3120336257767910838}
    m_Modifications:
    - target: {fileID: 2783750884380626790, guid: d48e13eee82c48641a3c36ccd9827204, type: 3}
      propertyPath: m_Name
      value: FireBall (1)
      objectReference: {fileID: 0}
    - target: {fileID: 6632430282932738629, guid: d48e13eee82c48641a3c36ccd9827204, type: 3}
      propertyPath: m_RootOrder
      value: 1
      objectReference: {fileID: 0}
    - target: {fileID: 6632430282932738629, guid: d48e13eee82c48641a3c36ccd9827204, type: 3}
      propertyPath: m_LocalPosition.x
      value: 1.4
      objectReference: {fileID: 0}
    - target: {fileID: 6632430282932738629, guid: d48e13eee82c48641a3c36ccd9827204, type: 3}
      propertyPath: m_LocalPosition.y
      value: 0
      objectReference: {fileID: 0}
    - target: {fileID: 6632430282932738629, guid: d48e13eee82c48641a3c36ccd9827204, type: 3}
      propertyPath: m_LocalPosition.z
      value: 0
      objectReference: {fileID: 0}
    - target: {fileID: 6632430282932738629, guid: d48e13eee82c48641a3c36ccd9827204, type: 3}
      propertyPath: m_LocalRotation.w
      value: 1
      objectReference: {fileID: 0}
    - target: {fileID: 6632430282932738629, guid: d48e13eee82c48641a3c36ccd9827204, type: 3}
      propertyPath: m_LocalRotation.x
      value: -0
      objectReference: {fileID: 0}
    - target: {fileID: 6632430282932738629, guid: d48e13eee82c48641a3c36ccd9827204, type: 3}
      propertyPath: m_LocalRotation.y
      value: -0
      objectReference: {fileID: 0}
    - target: {fileID: 6632430282932738629, guid: d48e13eee82c48641a3c36ccd9827204, type: 3}
      propertyPath: m_LocalRotation.z
      value: -0
      objectReference: {fileID: 0}
    - target: {fileID: 6632430282932738629, guid: d48e13eee82c48641a3c36ccd9827204, type: 3}
      propertyPath: m_LocalEulerAnglesHint.x
      value: 0
      objectReference: {fileID: 0}
    - target: {fileID: 6632430282932738629, guid: d48e13eee82c48641a3c36ccd9827204, type: 3}
      propertyPath: m_LocalEulerAnglesHint.y
      value: 0
      objectReference: {fileID: 0}
    - target: {fileID: 6632430282932738629, guid: d48e13eee82c48641a3c36ccd9827204, type: 3}
      propertyPath: m_LocalEulerAnglesHint.z
      value: 0
      objectReference: {fileID: 0}
    m_RemovedComponents: []
  m_SourcePrefab: {fileID: 100100000, guid: d48e13eee82c48641a3c36ccd9827204, type: 3}
--- !u!4 &8594708091168897619 stripped
Transform:
  m_CorrespondingSourceObject: {fileID: 6632430282932738629, guid: d48e13eee82c48641a3c36ccd9827204, type: 3}
  m_PrefabInstance: {fileID: 3120336256994893846}
  m_PrefabAsset: {fileID: 0}
--- !u!1001 &3120336257190032351
PrefabInstance:
  m_ObjectHideFlags: 0
  serializedVersion: 2
  m_Modification:
    m_TransformParent: {fileID: 3120336257767910838}
    m_Modifications:
    - target: {fileID: 2783750884380626790, guid: d48e13eee82c48641a3c36ccd9827204, type: 3}
      propertyPath: m_Name
      value: FireBall (2)
      objectReference: {fileID: 0}
    - target: {fileID: 6632430282932738629, guid: d48e13eee82c48641a3c36ccd9827204, type: 3}
      propertyPath: m_RootOrder
      value: 2
      objectReference: {fileID: 0}
    - target: {fileID: 6632430282932738629, guid: d48e13eee82c48641a3c36ccd9827204, type: 3}
      propertyPath: m_LocalPosition.x
      value: -1.4
      objectReference: {fileID: 0}
    - target: {fileID: 6632430282932738629, guid: d48e13eee82c48641a3c36ccd9827204, type: 3}
      propertyPath: m_LocalPosition.y
      value: 0
      objectReference: {fileID: 0}
    - target: {fileID: 6632430282932738629, guid: d48e13eee82c48641a3c36ccd9827204, type: 3}
      propertyPath: m_LocalPosition.z
      value: 0
      objectReference: {fileID: 0}
    - target: {fileID: 6632430282932738629, guid: d48e13eee82c48641a3c36ccd9827204, type: 3}
      propertyPath: m_LocalRotation.w
      value: 1
      objectReference: {fileID: 0}
    - target: {fileID: 6632430282932738629, guid: d48e13eee82c48641a3c36ccd9827204, type: 3}
      propertyPath: m_LocalRotation.x
      value: -0
      objectReference: {fileID: 0}
    - target: {fileID: 6632430282932738629, guid: d48e13eee82c48641a3c36ccd9827204, type: 3}
      propertyPath: m_LocalRotation.y
      value: -0
      objectReference: {fileID: 0}
    - target: {fileID: 6632430282932738629, guid: d48e13eee82c48641a3c36ccd9827204, type: 3}
      propertyPath: m_LocalRotation.z
      value: -0
      objectReference: {fileID: 0}
    - target: {fileID: 6632430282932738629, guid: d48e13eee82c48641a3c36ccd9827204, type: 3}
      propertyPath: m_LocalEulerAnglesHint.x
      value: 0
      objectReference: {fileID: 0}
    - target: {fileID: 6632430282932738629, guid: d48e13eee82c48641a3c36ccd9827204, type: 3}
      propertyPath: m_LocalEulerAnglesHint.y
      value: 0
      objectReference: {fileID: 0}
    - target: {fileID: 6632430282932738629, guid: d48e13eee82c48641a3c36ccd9827204, type: 3}
      propertyPath: m_LocalEulerAnglesHint.z
      value: 0
      objectReference: {fileID: 0}
    m_RemovedComponents: []
  m_SourcePrefab: {fileID: 100100000, guid: d48e13eee82c48641a3c36ccd9827204, type: 3}
--- !u!4 &8594708091368024474 stripped
Transform:
  m_CorrespondingSourceObject: {fileID: 6632430282932738629, guid: d48e13eee82c48641a3c36ccd9827204, type: 3}
  m_PrefabInstance: {fileID: 3120336257190032351}
  m_PrefabAsset: {fileID: 0}
--- !u!1001 &4335544217367582348
PrefabInstance:
  m_ObjectHideFlags: 0
  serializedVersion: 2
  m_Modification:
    m_TransformParent: {fileID: 3120336257767910838}
    m_Modifications:
    - target: {fileID: 2783750884380626790, guid: d48e13eee82c48641a3c36ccd9827204, type: 3}
      propertyPath: m_Name
      value: FireBall (3)
      objectReference: {fileID: 0}
    - target: {fileID: 6632430282932738629, guid: d48e13eee82c48641a3c36ccd9827204, type: 3}
      propertyPath: m_RootOrder
      value: 3
      objectReference: {fileID: 0}
    - target: {fileID: 6632430282932738629, guid: d48e13eee82c48641a3c36ccd9827204, type: 3}
      propertyPath: m_LocalPosition.x
      value: 2.8
      objectReference: {fileID: 0}
    - target: {fileID: 6632430282932738629, guid: d48e13eee82c48641a3c36ccd9827204, type: 3}
      propertyPath: m_LocalPosition.y
      value: 0
      objectReference: {fileID: 0}
    - target: {fileID: 6632430282932738629, guid: d48e13eee82c48641a3c36ccd9827204, type: 3}
      propertyPath: m_LocalPosition.z
      value: 0
      objectReference: {fileID: 0}
    - target: {fileID: 6632430282932738629, guid: d48e13eee82c48641a3c36ccd9827204, type: 3}
      propertyPath: m_LocalRotation.w
      value: 1
      objectReference: {fileID: 0}
    - target: {fileID: 6632430282932738629, guid: d48e13eee82c48641a3c36ccd9827204, type: 3}
      propertyPath: m_LocalRotation.x
      value: -0
      objectReference: {fileID: 0}
    - target: {fileID: 6632430282932738629, guid: d48e13eee82c48641a3c36ccd9827204, type: 3}
      propertyPath: m_LocalRotation.y
      value: -0
      objectReference: {fileID: 0}
    - target: {fileID: 6632430282932738629, guid: d48e13eee82c48641a3c36ccd9827204, type: 3}
      propertyPath: m_LocalRotation.z
      value: -0
      objectReference: {fileID: 0}
    - target: {fileID: 6632430282932738629, guid: d48e13eee82c48641a3c36ccd9827204, type: 3}
      propertyPath: m_LocalEulerAnglesHint.x
      value: 0
      objectReference: {fileID: 0}
    - target: {fileID: 6632430282932738629, guid: d48e13eee82c48641a3c36ccd9827204, type: 3}
      propertyPath: m_LocalEulerAnglesHint.y
      value: 0
      objectReference: {fileID: 0}
    - target: {fileID: 6632430282932738629, guid: d48e13eee82c48641a3c36ccd9827204, type: 3}
      propertyPath: m_LocalEulerAnglesHint.z
      value: 0
      objectReference: {fileID: 0}
    m_RemovedComponents: []
  m_SourcePrefab: {fileID: 100100000, guid: d48e13eee82c48641a3c36ccd9827204, type: 3}
--- !u!4 &6927048932099771593 stripped
Transform:
  m_CorrespondingSourceObject: {fileID: 6632430282932738629, guid: d48e13eee82c48641a3c36ccd9827204, type: 3}
  m_PrefabInstance: {fileID: 4335544217367582348}
  m_PrefabAsset: {fileID: 0}
--- !u!1001 &4335544217814753211
PrefabInstance:
  m_ObjectHideFlags: 0
  serializedVersion: 2
  m_Modification:
    m_TransformParent: {fileID: 3120336257767910838}
    m_Modifications:
    - target: {fileID: 2783750884380626790, guid: d48e13eee82c48641a3c36ccd9827204, type: 3}
      propertyPath: m_Name
      value: FireBall (4)
      objectReference: {fileID: 0}
    - target: {fileID: 6632430282932738629, guid: d48e13eee82c48641a3c36ccd9827204, type: 3}
      propertyPath: m_RootOrder
      value: 4
      objectReference: {fileID: 0}
    - target: {fileID: 6632430282932738629, guid: d48e13eee82c48641a3c36ccd9827204, type: 3}
      propertyPath: m_LocalPosition.x
      value: -2.8
      objectReference: {fileID: 0}
    - target: {fileID: 6632430282932738629, guid: d48e13eee82c48641a3c36ccd9827204, type: 3}
      propertyPath: m_LocalPosition.y
      value: 0
      objectReference: {fileID: 0}
    - target: {fileID: 6632430282932738629, guid: d48e13eee82c48641a3c36ccd9827204, type: 3}
      propertyPath: m_LocalPosition.z
      value: 0
      objectReference: {fileID: 0}
    - target: {fileID: 6632430282932738629, guid: d48e13eee82c48641a3c36ccd9827204, type: 3}
      propertyPath: m_LocalRotation.w
      value: 1
      objectReference: {fileID: 0}
    - target: {fileID: 6632430282932738629, guid: d48e13eee82c48641a3c36ccd9827204, type: 3}
      propertyPath: m_LocalRotation.x
      value: -0
      objectReference: {fileID: 0}
    - target: {fileID: 6632430282932738629, guid: d48e13eee82c48641a3c36ccd9827204, type: 3}
      propertyPath: m_LocalRotation.y
      value: -0
      objectReference: {fileID: 0}
    - target: {fileID: 6632430282932738629, guid: d48e13eee82c48641a3c36ccd9827204, type: 3}
      propertyPath: m_LocalRotation.z
      value: -0
      objectReference: {fileID: 0}
    - target: {fileID: 6632430282932738629, guid: d48e13eee82c48641a3c36ccd9827204, type: 3}
      propertyPath: m_LocalEulerAnglesHint.x
      value: 0
      objectReference: {fileID: 0}
    - target: {fileID: 6632430282932738629, guid: d48e13eee82c48641a3c36ccd9827204, type: 3}
      propertyPath: m_LocalEulerAnglesHint.y
      value: 0
      objectReference: {fileID: 0}
    - target: {fileID: 6632430282932738629, guid: d48e13eee82c48641a3c36ccd9827204, type: 3}
      propertyPath: m_LocalEulerAnglesHint.z
      value: 0
      objectReference: {fileID: 0}
    m_RemovedComponents: []
  m_SourcePrefab: {fileID: 100100000, guid: d48e13eee82c48641a3c36ccd9827204, type: 3}
--- !u!4 &6927048930318812670 stripped
Transform:
  m_CorrespondingSourceObject: {fileID: 6632430282932738629, guid: d48e13eee82c48641a3c36ccd9827204, type: 3}
  m_PrefabInstance: {fileID: 4335544217814753211}
  m_PrefabAsset: {fileID: 0}
--- !u!1001 &4460885988526368067
PrefabInstance:
  m_ObjectHideFlags: 0
  serializedVersion: 2
  m_Modification:
    m_TransformParent: {fileID: 3120336257767910838}
    m_Modifications:
    - target: {fileID: 2783750884380626790, guid: d48e13eee82c48641a3c36ccd9827204, type: 3}
      propertyPath: m_Name
      value: FireBall
      objectReference: {fileID: 0}
    - target: {fileID: 6632430282932738629, guid: d48e13eee82c48641a3c36ccd9827204, type: 3}
      propertyPath: m_RootOrder
      value: 0
      objectReference: {fileID: 0}
    - target: {fileID: 6632430282932738629, guid: d48e13eee82c48641a3c36ccd9827204, type: 3}
      propertyPath: m_LocalPosition.x
      value: 0
      objectReference: {fileID: 0}
    - target: {fileID: 6632430282932738629, guid: d48e13eee82c48641a3c36ccd9827204, type: 3}
      propertyPath: m_LocalPosition.y
      value: 0
      objectReference: {fileID: 0}
    - target: {fileID: 6632430282932738629, guid: d48e13eee82c48641a3c36ccd9827204, type: 3}
      propertyPath: m_LocalPosition.z
      value: 0
      objectReference: {fileID: 0}
    - target: {fileID: 6632430282932738629, guid: d48e13eee82c48641a3c36ccd9827204, type: 3}
      propertyPath: m_LocalRotation.w
      value: 1
      objectReference: {fileID: 0}
    - target: {fileID: 6632430282932738629, guid: d48e13eee82c48641a3c36ccd9827204, type: 3}
      propertyPath: m_LocalRotation.x
      value: -0
      objectReference: {fileID: 0}
    - target: {fileID: 6632430282932738629, guid: d48e13eee82c48641a3c36ccd9827204, type: 3}
      propertyPath: m_LocalRotation.y
      value: -0
      objectReference: {fileID: 0}
    - target: {fileID: 6632430282932738629, guid: d48e13eee82c48641a3c36ccd9827204, type: 3}
      propertyPath: m_LocalRotation.z
      value: -0
      objectReference: {fileID: 0}
    - target: {fileID: 6632430282932738629, guid: d48e13eee82c48641a3c36ccd9827204, type: 3}
      propertyPath: m_LocalEulerAnglesHint.x
      value: 0
      objectReference: {fileID: 0}
    - target: {fileID: 6632430282932738629, guid: d48e13eee82c48641a3c36ccd9827204, type: 3}
      propertyPath: m_LocalEulerAnglesHint.y
      value: 0
      objectReference: {fileID: 0}
    - target: {fileID: 6632430282932738629, guid: d48e13eee82c48641a3c36ccd9827204, type: 3}
      propertyPath: m_LocalEulerAnglesHint.z
      value: 0
      objectReference: {fileID: 0}
    m_RemovedComponents: []
  m_SourcePrefab: {fileID: 100100000, guid: d48e13eee82c48641a3c36ccd9827204, type: 3}
--- !u!4 &7053587098562887430 stripped
Transform:
  m_CorrespondingSourceObject: {fileID: 6632430282932738629, guid: d48e13eee82c48641a3c36ccd9827204, type: 3}
  m_PrefabInstance: {fileID: 4460885988526368067}
  m_PrefabAsset: {fileID: 0}
